 Dungeon Crawl Stone Soup version 0.29.1-12-g30fa7ad0bf (webtiles) character file.

Game seed: 11242115333862268299

18307 cheesebisquit the Grappler (level 12, -17/122 HPs)
             Began as a Troll Fighter on Jan 16, 2023.
             Was an Elder of Wu Jian.
             Demolished by a very large slime creature (56 damage)
             ... on level 11 of the Dungeon.
             The game lasted 01:10:04 (11675 turns).

cheesebisquit the Grappler (Troll Fighter)         Turns: 11675, Time: 01:10:05

Health: -17/122    AC: 10    Str: 33    XL:     12   Next: 26%
Magic:  11/11      EV: 10    Int:  8    God:    Wu Jian [****..]
Gold:   709        SH:  9    Dex:  9    Spells: 11/11 levels left

rFire   . . .      SeeInvis .     - Unarmed
rCold   . . .      Faith    .   b - +0 kite shield
rNeg    + . .      Spirit   .   F - +0 steam dragon scales
rPois   +          Reflect  .   L - +2 hat {Stlth+}
rElec   .          Harm     .   g - +0 cloak
rCorr   +          Rampage  .   (gloves unavailable)
Will    +....                   (boots unavailable)
Stlth   ++........              w - amulet of regeneration
HPRegen 1.90/turn               y - ring of Vucvur {rPois rN+ Will+ rCorr Str+6}
MPRegen 0.12/turn               (no ring)

@: studying Staves
A: large, unfitting armour, claws 3, regeneration 1, shaggy fur 1, tough skin 1
a: Renounce Religion, Wall Jump, Serpent's Lash


You were on level 11 of the Dungeon.
You worshipped Wu Jian.
Wu Jian was greatly pleased with you.
You visited 2 branches of the dungeon, and saw 14 of its levels.
You also visited: Ossuary and Bailey.

You collected 709 gold pieces.

Inventory:

Hand Weapons
 O - the +4 long sword of Etteeziff {vorpal, Drain rPois Int+5 SInv}
   (You found it in a bailey)

   It inflicts extra damage upon your enemies.
   Int:       It affects your intelligence (+5).
   rPois:     It protects you from poison.
   SInv:      It lets you see invisible.
   Drain:     It drains your maximum health when unequipped.
Missiles
 j - 4 large rocks
 p - 75 stones
 C - 23 poisoned darts (quivered)
 I - 2 throwing nets
Armour
 b - a +0 kite shield (worn)
 g - a +0 cloak (worn)
 F - +0 steam dragon scales (worn)
 L - a +2 hat of stealth (worn)
Jewellery
 i - a +4 ring of evasion
 n - an amulet of guardian spirit
 t - an amulet of magic regeneration
 w - an amulet of regeneration (around neck)
 y - the ring of Vucvur (left claw) {rPois rN+ Will+ rCorr Str+6}
   (You found it on level 4 of the Dungeon)

   [ring of strength]

   Str:       It affects your strength (+6).
   rPois:     It protects you from poison.
   rN:        It protects you from negative energy.
   rCorr:     It protects you from acid and corrosion.
   Will:      It increases your willpower.
Wands
 a - a wand of polymorph (7)
 x - a wand of light (9)
 E - a wand of roots (7)
 G - a wand of mindburst (8)
 H - a wand of flame (21)
Scrolls
 d - 7 scrolls of teleportation
 e - 2 scrolls of silence
 f - a scroll of brand weapon
 q - 3 scrolls of amnesia
 s - a scroll of butterflies
 u - a scroll of blinking {unknown}
 v - 2 scrolls of vulnerability {unknown}
 D - 2 scrolls of magic mapping
 J - a scroll of enchant armour {unknown}
 Q - 2 scrolls of torment {unknown}
Potions
 c - 2 potions of might
 h - 8 potions of curing
 k - 2 potions of ambrosia {unknown}
 l - 5 potions of flight
 m - a potion of berserk rage
 o - 2 potions of invisibility
 r - 3 potions of magic
 z - a potion of cancellation {unknown}
 A - 2 potions of haste
 B - 2 potions of brilliance {unknown}
 K - a potion of lignification
 M - a potion of mutation {unknown}
 N - a potion of heal wounds
 P - a potion of resistance


   Skills:
 + Level 8.4 Fighting
 + Level 6.8 Dodging
 + Level 9.2 Shields
 * Level 13.5 Unarmed Combat


You had 11 spell levels left.
You didn't know any spells.
Your spell library contained the following spells:

 Spells                   Type           Power      Damage    Failure   Level
 Sandblast                Erth           0%         2d4       63%         1
 Slow                     Hex            0%         N/A       63%         1
 Sting                    Tmut/Pois      0%         1d3       63%         1
 Passwall                 Tmut/Erth      0%         N/A       77%         2
 Call Canine Familiar     Summ           0%         N/A       94%         3
 Confusing Touch          Hex            0%         N/A       94%         3
 Portal Projectile        Hex/Tloc       0%         N/A       94%         3
 Spider Form              Tmut/Pois      0%         N/A       94%         3
 Stone Arrow              Conj/Erth      0%         3d7       94%         3
 Vampiric Draining        Necr           0%         2d6       94%         3
 Leda's Liquefaction      Hex/Erth       0%         N/A       100%        4
 Storm Form               Tmut/Air       0%         N/A       100%        7


Dungeon Overview and Level Annotations

Branches:
Dungeon (13/15)            Temple (1/1) D:5            Lair (0/5) D:11
    Orc (0/2) D:11        Ossuary (visited)          Bailey (visited)
 Vaults: D:13-14

Altars:
Ashenzari
Cheibriados
Dithmenos
Elyvilon
Fedhas
Gozag
Hepliaklqana
Kikubaaqudgha
Makhleb
Nemelex Xobeh
Okawaru
Qazlal
Ru
Sif Muna
Trog
Uskayaw
Vehumet
Wu Jian
Xom
Yredelemnul
Zin
The Shining One

Shops:
D:3 *   D:6 (

Annotations:
D:8 2 transporters
D:10 2 transporters, 7 runed translucent doors, booth's ghost, journeyman TrGl
D:13 Erolcha


Innate Abilities, Weirdness & Mutations

You are too large for most types of armour.
You have claws for hands.
Your natural rate of healing is unusually fast.
You are covered in fur. (AC +1)
You have tough skin. (AC +1)


Message History

The red ugly thing headbutts you.
You are engulfed in flames!!
You climb upwards.
There is a stone staircase leading down here.
You mangle the red ugly thing!!
The red ugly thing is heavily wounded.
The red ugly thing headbutts you!
You are engulfed in flames!!
You closely miss the red ugly thing.
The red ugly thing is heavily wounded.
You block the red ugly thing's attack.
You closely miss the red ugly thing.
The red ugly thing is heavily wounded.
You mangle the red ugly thing!!
You kill the red ugly thing!
The Council accepts your kill.
You start resting.
HP restored.
You climb downwards.
You block the slime creature's attack. The slime creature hits you.
There is a stone staircase leading up, spattered with blood here.
HP restored.
You block the very large slime creature's attack.
The slime creature hits you but does no damage.
You climb upwards.
There is a stone staircase leading down here.
You scratch the slime creature.
The slime creature is lightly wounded.
The very large slime creature hits you!!
The slime creature hits you but does no damage.
You scratch the slime creature.
The slime creature is lightly wounded.
The very large slime creature hits you!!
The slime creature hits you!
You mangle the slime creature!!
The slime creature is severely wounded.
The very large slime creature hits you!!!
* * * LOW HITPOINT WARNING * * *
You feel much better.
The slime creature hits you but does no damage.
The very large slime creature hits you!!!
You die...

....#################.#
....####### #...###.#
..#...#...#####.......#
###...#.....#......####
#...#..<.........#
##..).............######
##...#)).#.........##...####
.........###...JJ..##......#
†...............@.##.......#
................###........#
.........................###
...>.......................#
...........................#
.......................#.<.#
.......................#####
.......#......###.....##
...#...#....#####....##


You could see a very large slime creature and a slime creature.

Vanquished Creatures
  A hydra (D:11)
  3 boulder beetles
  2 two-headed ogres
  An ugly thing (D:11)
  A manticore (D:8)
  Maurice (D:13)
  A molten gargoyle (D:11)
  3 gargoyles
  A komodo dragon (D:10)
  A freezing wraith (D:13)
  A hornet (D:8)
  2 trolls
  17 yaks
  2 shadows
  A wyvern (D:7)
  A vampire (Bailey)
  5 wraiths
  3 steam dragons
  11 vampire mosquitoes
  3 wargs (D:11)
  A two-headed ogre zombie (D:11)
  A water moccasin (D:5)
  A black bear (D:7)
  6 orc warriors
  2 ice beasts
  An ogre (D:4)
  4 centaurs
  A phantom (D:11)
  2 elf zombies (Ossuary)
  A kobold brigand (D:9)
  3 bullfrogs
  A gnoll sergeant (D:8)
  2 scorpions
  3 wights (D:8)
  A necrophage (D:5)
  3 troll zombies (D:11)
  14 killer bees
  10 howler monkeys
  6 vampire bats (Bailey)
  2 electric eels
  8 wolf zombies (Bailey)
  A lava snake (D:11)
  A centaur zombie (Ossuary)
  2 human zombies (Ossuary)
  4 hounds
  2 jellies
  A gnoll bouda (D:7)
  5 orc priests
  2 iguanas (D:6)
  11 orc wizards
  4 ogre zombies (D:11)
  3 mummies (Ossuary)
  A hound zombie (Ossuary)
  13 gnolls
  7 adders
  2 white imps (D:6)
  2 ufetubi
  3 adder zombies (Ossuary)
  A worm (D:2)
  4 dart slugs
  46 orcs
  6 ball pythons
  7 endoplasms
  3 giant cockroaches
  11 goblins
  9 hobgoblins
  4 jackals (D:3)
  5 quokkas
  5 bats
  4 frilled lizards
  7 gnoll zombies (Ossuary)
  2 goblin skeletons (D:11)
  2 goblin zombies
  A hobgoblin skeleton (D:11)
  9 hobgoblin zombies
  4 jackal zombies (Ossuary)
  10 kobolds
  3 kobold zombies (Ossuary)
  35 orc zombies
  4 quokka zombies (Ossuary)
  6 rats
  3 rat zombies (Ossuary)
389 creatures vanquished.

Vanquished Creatures (others)
  5 plants
5 creatures vanquished.

Grand Total: 394 creatures vanquished

Notes
Turn   | Place    | Note
-------+----------+-------------------------------------------
     0 | D:1      | cheesebisquit the Troll Fighter began the quest for the
                  | Orb.
     0 | D:1      | Reached XP level 1. HP: 22/22 MP: 0/0
   163 | D:1      | Reached XP level 2. HP: 29/29 MP: 1/1
   942 | D:1      | Found a faded altar of an unknown god.
  1068 | D:2      | Reached XP level 3. HP: 36/36 MP: 2/2
  1190 | D:2      | Reached skill level 3 in Unarmed Combat
  1815 | D:3      | Reached XP level 4. HP: 44/44 MP: 3/3
  1849 | D:3      | Found an opulent altar of Gozag.
  1874 | D:3      | Found Gozag's Platinum Reserve.
  2169 | D:3      | Found a hazy altar of Hepliaklqana.
  2500 | D:3      | Found a bloodstained altar of Trog.
  2502 | D:3      | Found a white marble altar of Elyvilon.
  2504 | D:3      | Found a burning altar of Makhleb.
  2749 | D:3      | Reached skill level 4 in Unarmed Combat
  2749 | D:3      | Reached XP level 5. HP: 40/53 MP: 4/4
  2979 | D:4      | Identified the ring of Vucvur {rPois rN+ Will+ rCorr Str+6}
  3355 | D:4      | Noticed an ogre
  3365 | D:4      | Killed an ogre
  3366 | D:4      | Reached XP level 6. HP: 11/61 MP: 5/5
  3635 | D:5      | Entered Level 5 of the Dungeon
  3672 | D:5      | Found a staircase to the Ecumenical Temple.
  3680 | Temple   | Entered the Ecumenical Temple
  3748 | Temple   | Became a worshipper of the Wu Jian Council
  3922 | D:5      | Reached skill level 5 in Unarmed Combat
  4116 | D:5      | Reached XP level 7. HP: 68/68 MP: 6/6
  4122 | D:5      | Found a sand-covered staircase.
  4141 | Ossuary  | Entered an ossuary
  4186 | Ossuary  | Reached skill level 6 in Unarmed Combat
  4216 | Ossuary  | Reached * piety under Wu Jian
  4623 | D:5      | Found a shadowy altar of Dithmenos.
  4932 | D:6      | Reached skill level 5 in Shields
  5007 | D:6      | Reached XP level 8. HP: 75/79 MP: 7/7
  5022 | D:6      | Found Sooloteimo's Antique Weapon Boutique.
  5124 | D:6      | Reached ** piety under Wu Jian
  5125 | D:6      | Reached skill level 7 in Unarmed Combat
  5577 | D:6      | Noticed a +0 dagger
  5577 | D:6      | Noticed a +0 spear
  5578 | D:6      | Noticed a +0 falchion
  5578 | D:6      | Noticed a +0 dagger
  5578 | D:6      | Noticed a +0 spear
  5579 | D:6      | Noticed a +0 short sword
  5579 | D:6      | Noticed a +0 short sword
  5579 | D:6      | Noticed a +0 falchion
  5829 | D:6      | Found a hide-covered altar of Uskayaw.
  5896 | D:6      | Reached skill level 5 in Fighting
  6209 | D:7      | Reached skill level 8 in Unarmed Combat
  6451 | D:7      | Reached XP level 9. HP: 88/88 MP: 8/8
  6751 | D:7      | Reached *** piety under Wu Jian
  7016 | D:8      | Found a glowing silver altar of Zin.
  7021 | D:8      | Reached skill level 9 in Unarmed Combat
  7035 | D:8      | Found a basalt altar of Yredelemnul.
  7188 | D:8      | Noticed a manticore
  7195 | D:8      | Killed a manticore
  7202 | D:8      | Reached skill level 10 in Unarmed Combat
  7295 | D:8      | Found a transporter.
  7297 | D:8      | Noticed a manticore
  7299 | D:8      | Noticed a gargoyle
  7308 | D:8      | Noticed a death knight
  7309 | D:8      | Noticed an efreet
  7319 | D:8      | Found a transporter.
  7502 | D:8      | Reached XP level 10. HP: 68/100 MP: 9/9
  7535 | D:8      | Reached **** piety under Wu Jian
  7931 | D:9      | Noticed a two-headed ogre
  7941 | D:9      | Killed a two-headed ogre
  8189 | D:9      | Reached skill level 11 in Unarmed Combat
  8396 | D:9      | Found a flagged portal.
  8401 | Bailey   | Entered a bailey
  8593 | Bailey   | Reached ***** piety under Wu Jian
  8616 | Bailey   | Reached skill level 5 in Dodging
  8757 | Bailey   | Noticed a gargoyle
  8764 | Bailey   | Killed a gargoyle
  8826 | Bailey   | Identified the +4 long sword of Etteeziff {vorpal, Drain
                  | rPois Int+5 SInv}
  8832 | Bailey   | Got the Tome of Transfiguration
  8929 | D:9      | Reached XP level 11. HP: 109/109 MP: 10/10
  9152 | D:10     | Entered Level 10 of the Dungeon
  9159 | D:10     | Found a transporter.
  9293 | D:10     | Found a runed translucent door.
  9309 | D:10     | Found a runed translucent door.
  9422 | D:10     | Reached skill level 12 in Unarmed Combat
  9458 | D:10     | Found a runed translucent door.
  9480 | D:10     | Found a runed translucent door.
  9525 | D:10     | Found a transporter.
  9632 | D:10     | Noticed a fire crab
  9700 | D:10     | Noticed a two-headed ogre
  9701 | D:10     | Noticed booth's ghost (journeyman TrGl)
  9703 | D:10     | Noticed a two-headed ogre
  9704 | D:10     | Found a runed translucent gate.
  9704 | D:10     | Found a runed translucent gate.
  9704 | D:10     | Noticed a boulder beetle
  9705 | D:10     | Found a runed translucent gate.
  9707 | D:10     | Noticed a wolf spider
  9707 | D:10     | a boulder beetle changed into a wolf spider
  9754 | D:10     | Noticed an orb spider
  9754 | D:10     | Noticed a shining eye
  9754 | D:10     | an orb spider changed into a shining eye
  9870 | D:11     | Noticed a boulder beetle
  9879 | D:11     | Killed a boulder beetle
  9971 | D:11     | Found a staircase to the Orcish Mines.
 10091 | D:11     | Noticed a four-headed hydra
 10325 | D:11     | HP: 7/163 [ten-headed hydra (4)]
 10328 | D:11     | Killed a ten-headed hydra
 10558 | D:11     | Found a staircase to the Lair.
 10614 | D:11     | Noticed a two-headed ogre
 10704 | D:11     | Killed a two-headed ogre
 10766 | D:11     | Noticed a boulder beetle
 10924 | D:11     | Reached skill level 13 in Unarmed Combat
 11100 | D:11     | Killed a boulder beetle
 11255 | D:12     | Reached XP level 12. HP: 111/119 MP: 11/11
 11414 | D:13     | Noticed Maurice
 11423 | D:13     | Noticed a boulder beetle
 11432 | D:13     | Killed Maurice
 11450 | D:13     | Killed a boulder beetle
 11530 | D:13     | Noticed Erolcha
 11533 | D:13     | Noticed a centaur warrior
 11536 | D:13     | Noticed a boulder beetle
 11537 | D:13     | Noticed a vault guard
 11538 | D:13     | Noticed a vault guard
 11675 | D:11     | Demolished by a very large slime creature

Illustrated notes

Levels and vault maps discovered:
D:1:      dpeg_arrival_water_fire, layout_basic,
          hellmonk_ecumenical_altar_inner_sanctum, chequers_garden
D:2:      layout_loops_ring
D:3:      layout_loops_corners, nicolae_hepliaklqana_hazy_memory, minitemple,
          nicolae_gozag_zags_fifth_avenue
D:4:      layout_gridville
D:5:      layout_basic, kennysheep_little_box, minmay_temple_entry_sparse_star,
          nicolae_ossuary_entry_ruins, grunt_ministairs_5
D:6:      layout_layer_cave, nicolae_uskayaw_en_pointe, serial_shops,
          nicolae_shop_overgrown_old_shop
D:7:      layout_loops_ring
D:8:      gammafunk_sealed_arena, layout_rooms, nicolae_overflow_squiral,
          grunt_ministairs_3, minmay_manual_mail
D:9:      layout_gridville, serial_glass, glass_columns_b, glass_columns_a,
          glass_columns_c, glass_columns_a, glass_columns_c, glass_columns_a,
          glass_columns_b, glass_columns_c, enter_bailey_3
D:10:     gammafunk_cloud_chamber, layout_loops_ring, gammafunk_ghost_split,
          minmay_statue_crystal_thing
D:11:     layout_cross, erik_lair_orcish_takeover, zombieorc2_lemuel,
          nrook_pool_corridor, amcnicky_mini_corridor_feature,
          grunt_decor_arrowhead, hangedman_abyss_or_decor_lesser_grid,
          kennysheep_small_spiral, st_stairs_10, kennysheep_opposing_triangles
D:12:     layout_rooms, serial_shops, nicolae_square_shop,
          hellmonk_ghost_happy_afterlife, kennysheep_diamond
D:13:     layout_rooms, ximxim_vaults_locker_room, nicolae_figureground_pulse,
          uniq_erolcha, uniq_maurice
Temple:   oiseaux_autumnal_temple

Skill      XL: |  1  2  3  4  5  6  7  8  9 10 11 |
---------------+----------------------------------+-----
Shields        | 3 4 5 6 7 9 |  9.2
Unarmed Combat | 3 4 5 6 8 10 11 13 | 13.5
Fighting       | 3 4 5 6 7 8 |  8.4
Dodging        | 4 5 6 |  6.8

Action                   |  1- 3 |  4- 6 |  7- 9 | 10-12 || total
-------------------------+-------+-------+-------+-------++-------
Melee: Unarmed           |    94 |   101 |   370 |   578 ||  1143
Throw: Dart              |    79 |    96 |   105 |     4 ||   284
       Stone             |     4 |       |    37 |       ||    41
       Large rock        |    14 |     3 |     6 |       ||    23
Invok: Lunge             |       |       |    10 |    82 ||    92
       Whirlwind         |       |       |     6 |    51 ||    57
       Serpent's Lash    |       |       |     1 |    18 ||    19
       Heavenly Storm    |       |       |       |     1 ||     1
 Abil: Wall Jump         |       |       |     5 |     7 ||    12
Evoke: Wand              |       |       |       |     1 ||     1
  Use: Scroll            |       |     5 |     6 |     8 ||    19
       Potion            |       |     1 |       |     7 ||     8
 Stab: Sleeping          |     1 |       |       |     2 ||     3
Armor: Robe              |    28 |    32 |    50 |       ||   110
       Steam dragon scal |       |       |    46 |   134 ||   180
       Skin              |       |       |       |    19 ||    19
Dodge: Dodged            |    28 |    35 |   103 |   171 ||   337
Block: Kite shield       |    21 |    39 |    89 |   220 ||   369
